 Dungeon Crawl Stone Soup version 0.21-a0-338-g36cf2fc (webtiles) character file.

157 nikopol the Digger (level 5, -5/28 HPs)
             Began as a Gargoyle Earth Elementalist on Oct 3, 2017.
             Slain by a worm (6 damage)
             ... on level 3 of the Dungeon.
             The game lasted 00:06:50 (1682 turns).

nikopol the Digger (Gargoyle Earth Elementalist)    Turns: 1682, Time: 00:06:50

Health: -5/28      AC:  6    Str: 11    XL:     5   Next: 38%
Magic:  10/10      EV: 12    Int: 17    God:
Gold:   80         SH:  0    Dex: 10    Spells: 7/10 levels left

rFire    . . .     SeeInvis .   h - +0 club
rCold    . . .     Gourm    .   (no shield)
rNeg     + . .     Faith    .   c - +0 robe
rPois    ∞         Spirit   .   (no helmet)
rElec    +         Reflect  .   (no cloak)
rCorr    .         Harm     .   (no gloves)
MR       .....                  (no boots)
Stlth    ++........             (no amulet)
HPRegen  0.09/turn              (no ring)
MPRegen  0.12/turn              (no ring)

@: no status effects
A: negative energy resistance 1, electricity resistance, unbreathing,
petrification resistance, rot immunity, AC +4
a: no special abilities


You were on level 3 of the Dungeon.
You were not hungry.

You visited 1 branch of the dungeon, and saw 3 of its levels.

You collected 80 gold pieces.

Inventory:

Hand Weapons
 h - a +0 club (weapon)
Armour
 c - a +0 robe (worn)
Scrolls
 g - a scroll of enchant weapon {unknown}
 i - 2 scrolls of teleportation {unknown}
 j - a scroll of fog {unknown}
 k - 2 scrolls of enchant armour {unknown}
 l - 3 scrolls of identify {unknown}
 m - a scroll of remove curse {unknown}
 n - a scroll of immolation {unknown}
 q - a scroll of recharging {unknown}
 r - a scroll of random uselessness {unknown}
Potions
 a - 4 potions of invisibility {unknown}
 f - a potion of brilliance {unknown}
 p - a potion of magic {unknown}
 t - a potion of might {unknown}
Books
 e - a book of Geomancy

   Spells                             Type                      Level
   a - Sandblast                      Earth                        1
   b - Passwall                       Transmutation/Earth          2
   c - Stone Arrow                    Conjuration/Earth            3
   d - Petrify                        Transmutation/Earth          4
   e - Lee's Rapid Deconstruction     Earth                        5
Comestibles
 d - 3 bread rations
 o - 2 royal jellies
 s - a chunk of flesh


   Skills:
 + Level 0.1 Fighting
 + Level 0.2 Maces & Flails
 + Level 2.2 Dodging
 + Level 2.7 Stealth
 + Level 3.4 Spellcasting
 + Level 0.7 Transmutations
 + Level 5.2 Earth Magic


You had 7 spell levels left.
You knew the following spells:

 Your Spells              Type           Power        Failure   Level  Hunger
a - Sandblast             Erth           ###...       1%          1    None
b - Passwall              Tmut/Erth      ##........   8%          2    ##.....


Dungeon Overview and Level Annotations

Branches:
Dungeon (3/15)

Altars:
Dithmenos


Innate Abilities, Weirdness & Mutations

You are resistant to torment.
Your stone body is resilient. (AC +4)
You are immune to poison.
You resist negative energy. (rN+)
You are resistant to electric shocks. (rElec)
You can survive without breathing.
You are immune to petrification.
You are immune to rotting.


Message History

You hit the worm.
The worm is lightly wounded.
The worm bites you.
You completely miss the worm.
The worm is lightly wounded.
The worm bites you.
You hit the worm.
The worm is moderately wounded.
You hit the worm.
The worm is moderately wounded.
The worm bites you!
* * * LOW HITPOINT WARNING * * *
You hit the worm.
The worm is heavily wounded.
The worm bites you.
* * * LOW HITPOINT WARNING * * *
You hit the worm but do no damage.
The worm is moderately wounded.
The worm bites you.
You die...

#........#..####.#####
.#####...##...)..........
.......#†.##..#....†.....
.####....##.###.........
####....#...........
#####..####.#...######
#..........<..###
...###.######.## . #@# #.
#w# #. .l# .. #... #...
#)... #.... ##....


You could see a worm and a frilled lizard.

Vanquished Creatures
  2 jellies (D:2)
  An adder (D:2)
  8 oozes (D:2)
  A worm (D:2)
  A dart slug (D:1)
  2 leopard geckos (D:3)
  6 bats
  2 giant cockroaches (D:2)
  3 goblins
  4 hobgoblins
  2 quokkas (D:2)
  2 ball pythons
  5 frilled lizards
  10 kobolds
  4 rats
53 creatures vanquished.

Vanquished Creatures (others)
  3 fungi (D:2)
  7 toadstools (D:2)
10 creatures vanquished.

Grand Total: 63 creatures vanquished

Notes
Turn   | Place    | Note
-------+----------+-------------------------------------------
     0 | D:1      | nikopol the Gargoyle Earth Elementalist began the quest for the Orb.
     0 | D:1      | Reached XP level 1. HP: 10/10 MP: 3/3
   138 | D:1      | Reached skill level 4 in Earth Magic
   138 | D:1      | Reached XP level 2. HP: 15/15 MP: 0/5
   829 | D:2      | Learned a level 2 spell: Passwall
   850 | D:2      | Found a shadowy altar of Dithmenos.
   990 | D:2      | Reached XP level 3. HP: 19/19 MP: 1/6
  1344 | D:2      | Reached XP level 4. HP: 24/24 MP: 6/8
  1416 | D:2      | Reached skill level 5 in Earth Magic
  1457 | D:2      | Reached XP level 5. HP: 28/28 MP: 7/9
  1681 | D:3      | HP: 1/28 [worm (3)]
  1682 | D:3      | Slain by a worm

Vault maps used:
D:1:      dpeg_arrival_chase, roderic_lattice_a
D:2:      cheibrodos_fertilizer, nicolae_dithmenos_through_a_glass_darkly,
          first_bread
D:3:      elyvilon_altar_3, nicolae_ashenzari_panopticon, uniq_sigmund

Skill      XL: |  1  2  3  4 |
---------------+-------------+-----
Earth Magic    | 4 5 |  5.2
Dodging        | 2 |  2.2
Spellcasting   | 3 |  3.4
Fighting       | |  0.1
Maces & Flails | |  0.2
Stealth        | |  2.7
Transmutations | |  0.7

Action                   |  1- 3 |  4- 6 || total
-------------------------+-------+-------++-------
Melee: Club              |    74 |    17 ||    91
 Cast: Sandblast         |    38 |    19 ||    57
  Eat: Chunk             |     2 |     1 ||     3
Armor: Robe              |    48 |     3 ||    51
Dodge: Dodged            |    74 |    10 ||    84

Table legend:
 A = Spawn XP
 B = Non-spawn XP
 C = Spawn XP percentage of total XP
 D = Spawn monster count
 E = Non-spawn monster count
 F = Spawn count percentage of total count
 G = Total turns spent on level
                    A         B        C        D         E        F      G
               +---------+---------+-------+---------+---------+-------+---------
         Total |       0 |     225 |   0.0 |       0 |      53 |   0.0 |  1682
               +---------+---------+-------+---------+---------+-------+---------
           D:1 |       0 |      21 |   0.0 |       0 |      14 |   0.0 |   747
           D:2 |       0 |     191 |   0.0 |       0 |      32 |   0.0 |   863
           D:3 |       0 |      13 |   0.0 |       0 |       7 |   0.0 |    72
               +---------+---------+-------+---------+---------+-------+---------
